 Dungeon Crawl Stone Soup version 0.18.1-5-g4a78601 (webtiles) character file.

354885 inmateoo the Peltast (level 22, -4/145 HPs)
             Began as a Gargoyle Fighter on May 11, 2016.
             Slain by a vault warden
             ... wielding a +2 long sword of holy wrath
              (27 damage)
             ... on level 4 of the Vaults on May 12, 2016.
             The game lasted 01:19:07 (51063 turns).

inmateoo the Peltast (Gargoyle Fighter)            Turns: 51063, Time: 01:19:08

Health: -4/145     AC: 49    Str: 29    XL:     22   Next: 31%
Magic:  35/35      EV: 22    Int: 16    God:
Gold:   844        SH: 17    Dex: 15    Spells: 8 memorised, 16 levels left

rFire  + . .     SeeInvis +     O - +9 eveningstar (drain)
rCold  + + .     Gourm    .     R - +3 scale mail "Oshrug" {rF+ Int+4 Dex+4}
rNeg   + + .     Faith    .     c - +0 shield
rPois  ∞         Spirit   .     k - +2 helmet {SInv}
rElec  +         Dismiss  .     x - +2 cloak of Starlight {rElec rC+ EV+4 Stlth--}
rCorr  +         Reflect  .     Z - +0 pair of gloves of Fabuythru {rC+ rCorr}
SustAt .         Harm     .     T - +2 pair of boots
MR     +++..     Clarity  +     w - macabre finger necklace {rN+}
Stlth  ..........               N - ring of Robustness {AC+8}
                                G - ring of Incredulity {rCorr rElec}
                                i - ring of protection from magic

@: extremely resistant to hostile enchantments, extremely unstealthy
A: big wings, thin skeletal structure 1, clarity, deformed body, magic
resistance 1, mutation resistance 1, negative energy resistance 1, shaggy fur 1,
electricity resistance, strong 1, unbreathing, petrification resistance, rot
immunity, AC +16
a: Fly
}: 2/15 runes: decaying, serpentine


You were on level 4 of the Vaults.
You were not hungry.

You visited 9 branches of the dungeon, and saw 42 of its levels.
You visited 1 bazaar.
You also visited: Labyrinth.

You collected 4848 gold pieces.
You spent 4004 gold pieces at shops.

Inventory:

Hand Weapons
 o - the +9 mace of the Depths {flame, rC+}
   (You found it on level 9 of the Dungeon)

   It has been specially enchanted to burn those struck by it, causing extra
   injury to most foes and up to half again as much damage against particularly
   susceptible opponents.
   It protects you from cold.
 O - a +9 eveningstar of draining (weapon)
Armour
 c - a +0 shield (worn)
 k - a +2 helmet of see invisible (worn)
 x - the +2 cloak of Starlight (worn) {rElec rC+ EV+4 Stlth--}
   (You bought it in a shop on level 2 of the Orcish Mines)

   It affects your evasion (+4).
   It protects you from cold.
   It insulates you from electricity.
   It makes you much less stealthy.
 R - the +3 scale mail "Oshrug" (worn) {rF+ Int+4 Dex+4}
   (You bought it in a shop on level 14 of the Dungeon)

   It affects your intelligence (+4).
   It affects your dexterity (+4).
   It protects you from fire.
 T - a +2 pair of boots (worn)
 Z - the +0 pair of gloves of Fabuythru (worn) {rC+ rCorr}
   (You found it on level 3 of the Elven Halls)

   It protects you from cold.
   It protects you from acid and corrosion.
Jewellery
 i - a ring of protection from magic (on amulet)
 w - the macabre finger necklace (around neck) {rN+}
   (You found it on level 7 of the Lair of Beasts)

   [amulet of nothing]

   It protects you from negative energy.
 G - the ring of Incredulity (left hand) {rCorr rElec}
   (You found it in a labyrinth)

   [ring of resist corrosion]

   It insulates you from electricity.
 N - the ring of Robustness (right hand) {AC+8}
   (You took it off a deep elf annihilator on level 3 of the Elven Halls)

   [ring of protection]

   It affects your AC (+8).
 Q - an uncursed ring of sustain attributes
 V - an uncursed ring of protection from cold
Wands
 t - a wand of disintegration (12/24)
 v - a wand of digging (11/24)
Scrolls
 e - a scroll of summoning
 g - 7 scrolls of enchant armour
 h - 22 scrolls of remove curse
 j - 5 scrolls of recharging
 l - 3 scrolls of brand weapon
 m - 13 scrolls of identify
 p - 4 scrolls of fog
 r - 3 scrolls of holy word
 E - 3 scrolls of magic mapping
 H - a scroll of blinking
 J - 8 scrolls of teleportation
 K - 4 scrolls of fear
 S - 3 scrolls of silence
Potions
 b - 8 potions of brilliance
 d - a potion of ambrosia
 q - a potion of resistance
 z - 7 potions of magic
 A - 3 potions of mutation
 B - 2 potions of cure mutation
 D - 2 potions of invisibility
 F - 16 potions of curing
 I - 5 potions of haste
 P - a potion of agility
 U - 4 potions of heal wounds
 W - 4 potions of flight
 X - 2 potions of might
 Y - a potion of berserk rage
Miscellaneous
 a - a lamp of fire (inert)
 u - a phial of floods
 y - a stone of tremors
 L - a sack of spiders {used: 4}
 M - a box of beasts
Comestibles
 f - 15 bread rations
 s - 20 meat rations


   Skills:
 + Level 17.5 Fighting
 + Level 16.4 Maces & Flails
 + Level 17.3 Armour
 + Level 12.4 Dodging
 * Level 19.6 Shields
 + Level 9.3 Spellcasting
 + Level 8.7 Charms
 + Level 4.5 Translocations
 + Level 4.0 Evocations


You had 16 spell levels left.
You knew the following spells:

 Your Spells              Type           Power        Failure   Level  Hunger
a - Regeneration          Chrm/Necr      ###.......   10%         3    #......
b - Deflect Missiles      Chrm/Air       ###.......   100%        6    ######.
c - Song of Slaying       Chrm           #####...     1%          2    None
d - Shroud of Golubria    Chrm/Tloc      ####......   1%          2    None
e - Apportation           Tloc           ###.......   2%          1    None
f - Spectral Weapon       Hex/Chrm       ###.....     10%         3    #......
g - Blink                 Tloc           N/A          4%          2    None
h - Passage of Golubria   Tloc           N/A          28%         4    ###....


Dungeon Overview and Level Annotations

Branches:
Dungeon (15/15)            Temple (1/1) D:7            Lair (8/8) D:8
  Swamp (4/4) Lair:4        Snake (4/4) Lair:4        Slime (0/6) Lair:8
    Orc (2/2) D:12            Elf (3/3) Orc:2        Vaults (4/5) D:14
  Crypt (0/3) Vaults:2     Depths (1/5) D:15

Altars:
Ashenzari
Cheibriados
Dithmenos
Elyvilon
Fedhas
Gozag
Kikubaaqudgha
Makhleb
Nemelex Xobeh
Okawaru
Pakellas
Qazlal
Ru
Sif Muna
Trog
Vehumet
Xom
Yredelemnul
Zin
The Shining One
Beogh

Shops:
D:9 :   D:11 *(   D:14 [   Orc:2 ?[([   Elf:1 =   Elf:2 ?   Snake:4 [

Portals:
Trove: Vaults:2 (give manual of Stealth)

Annotations:
D:5 Eustachio, Menkaure
Elf:2 5 runed doors


Innate Abilities, Weirdness & Mutations

You are resistant to torment.
Your stone body is resilient (AC +16).
You are immune to poison.
Your large and strong wings let you fly indefinitely.
You resist negative energy.
You are resistant to electric shocks.
You can survive without breathing.
You are immune to petrification.
You are immune to rotting.
You have a somewhat thin skeletal structure (Dex +2, Stealth).
You possess an exceptional clarity of mind.
Armour fits poorly on your strangely shaped body.
You are resistant to hostile enchantments.
You are somewhat resistant to further mutation.
You are covered in fur (AC +1).
Your muscles are strong. (Str +2)


Message History

Unknown command.
Unknown command.
You completely miss the vault warden.
The vault warden hits you but does no damage.
You block the orc knight's attack.
Your fire elemental hits the vault warden.
Your fire elemental burns the vault warden!
Unknown command.
Unknown command.
You barely miss the vault warden.
The vault warden is lightly wounded.
Your fire elemental misses the vault warden.
Unknown command.
Unknown command.
You barely miss the vault warden.
The vault warden is lightly wounded.
The orc knight hits you with a war axe!!
* * * LOW HITPOINT WARNING * * *
The vault warden hits you with a long sword of holy wrath!!
You die...

+....... #......
#...... #....)#
#./...# #.....#
#....)# #..)pE#
#..o@)# #.....#
#.....########
#....)#......#
...#.....+......#
#..#....)#......#
#..#.....#......#
#..+.....#......#
####
#..#.....#......#
#...


You could see a vault warden, an orc knight and a friendly fire elemental.

Vanquished Creatures
  Nikola (Elf:2)
  2 deep elf master archers (Elf:3)
  A lich (Vaults:4)
  A thorn hunter (Swamp:3)
  A revenant (Vaults:2)
  Wiglaf (Snake:3)
  Donald (Elf:1)
  7 greater nagas (Snake:4)
  3 deep elf sorcerers
  Aizul (Swamp:2)
  7 vault wardens
  An orc warlord (Orc:2)
  8 deep elf elementalists (Elf:3)
  6 ironheart preservers
  6 very ugly things
  7 stone giants
  5 deep elf demonologists (Elf:3)
  A caustic shrike skeleton (D:15)
  8 deep elf annihilators
  6 dire elephants (Lair:8)
  8 deep elf death magi
  Josephine (D:15)
  Erolcha (D:9)
  An ettin (Vaults:4)
  5 vault guards
  A deep elf high priest (Elf:3)
  7 yaktaur captains
  A minotaur (Lab)
  Harold (Orc:1)
  5 ogre magi
  23 hydras
  9 naga warriors
  3 ghost crabs
  20 anacondas
  A death knight (D:14)
  8 centaur warriors
  2 catoblepae
  Erica (D:10)
  A tengu warrior (D:13)
  9 dancing weapons
  18 death yaks
  3 deep troll shamans
  Urug (D:10)
  A deep troll earth mage (Vaults:1)
  15 naga sharpshooters
  2 orc high priests (Orc:2)
  11 shock serpents
  10 alligators
  16 deep elf knights
  4 salamander mystics
  A fire crab (Vaults:3)
  2 shadow wraiths
  A fire crab (shapeshifter) (D:15)
  8 skeletal warriors
  A giant orange brain (Vaults:1)
  4 unseen horrors
  14 deep elf archers
  9 naga ritualists
  A flayed ghost (Vaults:2)
  19 swamp dragons
  2 spriggan druids
  8 deep trolls
  13 hill giants
  2 wizards (Elf:1)
  11 ironbrand convokers
  5 harpies (Vaults:1)
  10 orc knights
  62 deep elf magi
  3 phantasmal warriors
  A shambling mangrove (Swamp:4)
  6 griffons
  7 cyclopes
  An orb spider (shapeshifter) (Vaults:3)
  20 mana vipers
  3 manticores
  2 wolf spiders
  5 orc sorcerers
  24 ugly things
  15 salamanders
  26 elephants
  Maurice (D:9)
  An octopode (shapeshifter) (Elf:3)
  14 guardian serpents
  38 black mambas
  A torpor snail (Lair:3)
  6 vault sentinels
  24 naga magi
  3 gargoyles
  4 spiny frogs
  Psyche (D:9)
  5 centaur skeletons
  5 kobold demonologists
  5 rime drakes
  9 komodo dragons
  A redback zombie (D:15)
  23 yaktaurs
  An entropy weaver zombie (D:15)
  A jumping spider (shapeshifter) (D:14)
  2 freezing wraiths
  A queen bee (D:9)
  2 polar bears (Lair:4)
  18 blink frogs
  8 giant leeches
  17 two-headed ogres
  9 trolls
  An ettin zombie (D:15)
  5 boulder beetles
  11 bog bodies
  A harpy skeleton (D:14)
  25 slime creatures
  A stone giant simulacrum (Vaults:2)
  Sigmund (D:5)
  A tarantella (Vaults:3)
  3 redbacks
  2 air elementals (Elf:3)
  4 shadows
  A tarantella (shapeshifter) (D:14)
  A spriggan (D:10)
  7 wraiths
  3 water elementals
  2 vampires
  2 basilisks
  5 wyverns
  28 yaks
  A steam dragon (Lair:4)
  2 fire elementals (Elf:1)
  13 hippogriffs
  2 hungry ghosts
  2 mottled dragons (D:12)
  17 vampire mosquitoes
  5 insubstantial wisps (Swamp:3)
  67 nagas
  10 wargs
  A soldier ant (D:13)
  21 swamp worms
  18 water moccasins
  Duvessa (D:6)
  54 orc warriors
  16 porcupines
  A phantom (D:7)
  14 swamp drakes
  2 eyes of draining
  3 black bears
  An ice beast (D:12)
  4 sky beasts
  7 wasps
  A necrophage (D:10)
  A boggart (Elf:1)
  30 ogres
  11 wolves
  A centaur (shapeshifter) (Vaults:2)
  13 centaurs
  20 crocodiles
  32 giant frogs
  6 big kobolds
  A wyvern zombie (D:8)
  Dowan (D:6)
  3 earth elementals
  4 scorpions
  A water moccasin skeleton (D:4)
  A human simulacrum (Vaults:3)
  39 killer bees
  4 howler monkeys (D:13)
  3 electric eels (Lair:6)
  3 crimson imps
  2 wasp zombies
  5 centaur zombies
  2 giant frog zombies
  31 orc wizards
  4 hounds
  4 jellies
  A quasit (D:12)
  30 orc priests
  Crazy Yiuf (D:3)
  3 giant frog skeletons
  Jessica (D:2)
  Ijyb (D:3)
  13 iguanas
  8 worker ants
  A boulder beetle simulacrum (Vaults:2)
  2 killer bee zombies
  27 sheep
  2 hound skeletons
  7 gnolls
  17 adders
  69 river rats
  2 shadow imps
  An adder zombie (D:5)
  2 adder skeletons
  6 worms
  9 dart slugs
  6 giant geckos
  130 orcs
  4 ball pythons
  9 giant cockroaches
  10 goblins
  9 hobgoblins
  12 jackals
  18 kobolds
  9 quokkas
  8 bats
  7 giant newts
  A jackal zombie (D:8)
  A quokka zombie (D:7)
  8 rats
  A briar patch (Swamp:3)
  2 crawling corpses (Elf:3)
  4 plants (Lair:8)
1780 creatures vanquished.

Vanquished Creatures (collateral kills)
  A greater naga (Snake:4)
  A salamander mystic (Snake:4)
  2 skeletal warriors
  2 ugly things (D:14)
  A griffon (D:15)
  A black mamba (Snake:4)
  2 naga magi (Snake:4)
  An ettin skeleton (D:15)
  A yak (Lair:3)
  2 nagas (Snake:4)
  A wolf (Lair:3)
  2 river rats (Lair:3)
17 creatures vanquished.

Vanquished Creatures (others)
  A deep elf elementalist (Elf:3)
  A deep elf knight (Elf:3)
  An unseen horror (D:7)
  A necromancer (D:15)
  A deep elf mage (Elf:2)
  2 slime creatures (Swamp:3)
  2 centaurs
  An electric eel (D:15)
  2 orc wizards
  An orc (D:10)
  A kobold (D:14)
  A briar patch (Swamp:3)
  12 fungi
  11 plants
  2 withered plants (D:15)
40 creatures vanquished.

Grand Total: 1837 creatures vanquished

Notes
Turn   | Place    | Note
--------------------------------------------------------------
     0 | D:1      | inmateoo the Gargoyle Fighter began the quest for the Orb.
     0 | D:1      | Reached XP level 1. HP: 14/14 MP: 1/1
    64 | D:1      | Reached XP level 2. HP: 17/19 MP: 2/2
   269 | D:1      | Reached XP level 3. HP: 22/23 MP: 3/3
   595 | D:2      | Noticed Jessica
   601 | D:2      | Killed Jessica
   601 | D:2      | Reached XP level 4. HP: 28/28 MP: 4/4
  1241 | D:2      | Reached XP level 5. HP: 26/32 MP: 5/5
  1356 | D:3      | Noticed Ijyb
  1400 | D:3      | Killed Ijyb
  1400 | D:3      | Reached skill level 5 in Maces & Flails
  1592 | D:3      | Noticed Crazy Yiuf
  1603 | D:3      | Killed Crazy Yiuf
  1703 | D:3      | Noticed a centaur
  1723 | D:3      | Killed a centaur
  1723 | D:3      | Reached XP level 6. HP: 16/38 MP: 6/6
  2078 | D:4      | Found a stormy altar of Qazlal.
  2133 | D:4      | Reached skill level 4 in Shields
  2403 | D:4      | Reached XP level 7. HP: 16/44 MP: 7/7
  3226 | D:5      | Entered Level 5 of the Dungeon
  3885 | D:5      | Noticed Sigmund
  3903 | D:5      | Killed Sigmund
  3903 | D:5      | Reached skill level 5 in Fighting
  3903 | D:5      | Reached skill level 5 in Armour
  3903 | D:5      | Reached skill level 5 in Shields
  3994 | D:5      | Noticed Menkaure
  4635 | D:6      | Reached XP level 8. HP: 46/50 MP: 8/8
  4771 | D:6      | Gained mutation: You are frail (-10% HP). [mutagenic meat]
  4772 | D:6      | Gained mutation: Your muscles are strong. (Str +2) [mutagenic meat]
  4791 | D:6      | Noticed Eustachio
  5205 | D:6      | Noticed Dowan
  5206 | D:6      | Noticed Duvessa
  5218 | D:6      | Killed Duvessa
  5233 | D:6      | Killed Dowan
  5233 | D:6      | Reached skill level 6 in Shields
  5346 | D:6      | Found an iron altar of Okawaru.
  5488 | D:5      | Reached XP level 9. HP: 27/50 MP: 9/9
  5933 | D:7      | Found a staircase to the Ecumenical Temple.
  5941 | Temple   | Entered the Ecumenical Temple
  5996 | D:7      | Killed an unseen horror
  6045 | D:7      | Reached skill level 7 in Shields
  6741 | D:8      | Got a faintly humming leather armour
  6809 | D:8      | Identified the +2 leather armour of Evolution {Str+4 Int+2} (You found it on level 8 of the Dungeon)
  7173 | D:7      | Noticed a two-headed ogre
  7190 | D:7      | Killed a two-headed ogre
  7190 | D:7      | Reached XP level 10. HP: 20/57 MP: 10/10
  7532 | D:8      | Found a staircase to the Lair.
  7553 | D:7      | Reached skill level 8 in Shields
  7839 | D:8      | HP: 2/58 [warg (9)]
  8367 | D:8      | Reached skill level 1 in Dodging
  8538 | D:9      | Noticed Maurice
  8571 | D:9      | Killed Maurice
  8691 | D:9      | Found an oddly glowing altar of Pakellas.
  8905 | D:9      | Found Fagha's Book Shoppe.
  8905 | D:9      | Noticed Psyche
  8914 | D:9      | Killed Psyche
  9068 | D:9      | You fall through a shaft for 2 floors!
  9401 | D:11     | Noticed a hill giant
  9401 | D:11     | Noticed a white ugly thing
  9445 | D:11     | Killed a hill giant
  9447 | D:11     | Reached XP level 11. HP: 20/63 MP: 11/11
  9728 | D:10     | Entered Level 10 of the Dungeon
  9750 | D:10     | Reached skill level 9 in Shields
  9859 | D:10     | Noticed a hill giant
  9872 | D:10     | Killed a hill giant
 10149 | D:10     | Noticed Erica
 10161 | D:10     | Killed Erica
 10222 | D:10     | Reached skill level 10 in Fighting
 10445 | D:10     | Got a faintly glowing battleaxe
 10461 | D:10     | Noticed a hill giant
 10477 | D:10     | Killed a hill giant
 10641 | D:10     | Noticed Urug
 10661 | D:10     | Killed Urug
 10781 | D:10     | Noticed a hill giant
 10803 | D:10     | Killed a hill giant
 10803 | D:10     | Reached skill level 10 in Armour
 11038 | D:9      | Got a smoking mace
 11039 | D:9      | Identified the +9 mace of the Depths {flame, rC+} (You found it on level 9 of the Dungeon)
 11090 | D:9      | Noticed a sun demon
 11450 | D:9      | Reached skill level 10 in Shields
 11496 | D:9      | Noticed Erolcha
 11503 | D:9      | Killed Erolcha
 11503 | D:9      | Reached skill level 10 in Maces & Flails
 11503 | D:9      | Reached XP level 12. HP: 40/70 MP: 12/12
 12669 | D:10     | Reached skill level 5 in Dodging
 13231 | D:11     | Lost mutation: You are frail (-10% HP). [mutagenic meat]
 13499 | D:11     | Found a glowing silver altar of Zin.
 13647 | D:11     | Found Kyno's General Store.
 13676 | D:11     | Found Gohahuil's Weapon Shop.
 13680 | D:11     | Bought a potion of curing for 39 gold pieces
 13680 | D:11     | Bought a scroll of identify for 26 gold pieces
 13680 | D:11     | Bought a potion of heal wounds for 65 gold pieces
 13680 | D:11     | Bought a potion of haste for 130 gold pieces
 13734 | D:11     | Noticed a six-headed hydra
 13751 | D:11     | Killed a six-headed hydra
 14196 | D:12     | Reached skill level 11 in Shields
 14248 | D:12     | Noticed a five-headed hydra
 14257 | D:12     | Killed a five-headed hydra
 14483 | D:12     | Found a staircase to the Orcish Mines.
 14485 | D:12     | Noticed a seven-headed hydra
 14491 | Orc:1    | Entered Level 1 of the Orcish Mines
 14499 | Orc:1    | Reached XP level 13. HP: 53/84 MP: 13/13
 16303 | D:13     | Found a shattered altar of Ashenzari.
 17539 | D:14     | Reached skill level 12 in Shields
 17556 | D:14     | Gained mutation: You are covered in fur (AC +1). [mutagenic meat]
 17557 | D:14     | Gained mutation: You are somewhat resistant to further mutation. [mutagenic meat]
 17560 | D:14     | Gained mutation: You are resistant to hostile enchantments. [mutagenic meat]
 17658 | D:14     | Found Enty's Antique Armour Emporium.
 17681 | D:14     | Bought a pair of glowing boots for 103 gold pieces
 17681 | D:14     | Bought a jade-studded chain mail for 218 gold pieces
 17681 | D:14     | Bought an ichor-stained scale mail for 207 gold pieces
 17697 | D:14     | Identified the +3 scale mail "Oshrug" {rF+ Int+4 Dex+4} (You bought it in a shop on level 14 of the Dungeon)
 17707 | D:14     | Identified the cursed +1 chain mail of the Vestibule of Hell {Dex+3} (You bought it in a shop on level 14 of the Dungeon)
 17775 | D:14     | Found a blossoming altar of Fedhas.
 18091 | D:14     | Gained mutation: Your large and strong wings let you fly indefinitely. [Gargoyle growth]
 18091 | D:14     | Reached XP level 14. HP: 92/92 MP: 14/14
 18439 | D:14     | Found a gate to the Vaults.
 18445 | D:14     | Got a scorched chain mail
 18456 | D:14     | Identified the +2 chain mail of Qyavy {rElec rPois rF- rC-} (You found it on level 14 of the Dungeon)
 19010 | D:14     | Gained mutation: Your muscles are very strong. (Str +4) [mutagenic meat]
 19011 | D:14     | Lost mutation: Your muscles are very strong. (Str +4) [mutagenic meat]
 19013 | D:14     | Gained mutation: Armour fits poorly on your strangely shaped body. [mutagenic meat]
 19141 | D:15     | Entered Level 15 of the Dungeon
 19769 | D:15     | Noticed Josephine
 19806 | D:15     | Killed Josephine
 19975 | D:14     | Gained mutation: You have a somewhat thin skeletal structure (Dex +2, Stealth). [mutagenic meat]
 19976 | D:14     | Gained mutation: You possess an exceptional clarity of mind. [mutagenic meat]
 20373 | D:15     | Found a staircase to the Depths.
 20702 | D:15     | Found a white marble altar of Elyvilon.
 20810 | D:15     | Got a twisted scale mail
 20821 | D:15     | Identified the +2 scale mail of the Salamander {rC+} (You found it on level 15 of the Dungeon)
 20943 | Depths:1 | Entered Level 1 of the Depths
 21105 | Lair:1   | Entered Level 1 of the Lair of Beasts
 21341 | Lair:1   | Reached skill level 13 in Shields
 21448 | Lair:1   | Reached XP level 15. HP: 99/99 MP: 15/15
 22061 | Lair:2   | Found a labyrinth entrance.
 22069 | Lab      | Entered a labyrinth
 22391 | Lab      | Identified the Compendium of Harmful Contamination
 22391 | Lab      | Got a transparent golden ring
 22399 | Lab      | Got a heavily runed plate armour
 22407 | Lair:2   | Identified the ring of Incredulity {rCorr rElec} (You found it in a labyrinth)
 22422 | Lair:2   | Identified the cursed +1 plate armour "Synkil" {*Confuse +Fly rN+ Slay+2} (You found it in a labyrinth)
 23748 | Lair:3   | Found a sparkling altar of Nemelex Xobeh.
 24322 | Lair:4   | Learned a level 1 spell: Apportation
 24635 | Lair:4   | Found a staircase to the Snake Pit.
 24903 | Lair:4   | Found a staircase to the Swamp.
 26981 | Lair:7   | Reached skill level 14 in Shields
 27206 | Lair:8   | Entered Level 8 of the Lair of Beasts
 27272 | Lair:8   | Reached XP level 16. HP: 106/106 MP: 16/16
 27334 | Lair:8   | Found a staircase to the Slime Pits.
 29239 | Orc:2    | Entered Level 2 of the Orcish Mines
 29436 | Orc:2    | Found a roughly hewn altar of Beogh.
 29756 | Orc:2    | Found a roughly hewn altar of Beogh.
 29782 | Orc:2    | Found Mostregrez's Magic Scroll Emporium.
 29787 | Orc:2    | Bought a scroll of enchant weapon for 120 gold pieces
 29787 | Orc:2    | Bought a scroll of enchant weapon for 120 gold pieces
 29789 | Orc:2    | Bought a scroll of identify for 32 gold pieces
 29789 | Orc:2    | Bought a scroll of identify for 32 gold pieces
 29789 | Orc:2    | Bought a scroll of identify for 32 gold pieces
 29789 | Orc:2    | Bought a scroll of brand weapon for 320 gold pieces
 29877 | Orc:2    | Found a roughly hewn altar of Beogh.
 29916 | Orc:2    | Found a roughly hewn altar of Beogh.
 29960 | Orc:2    | Found a roughly hewn altar of Beogh.
 30046 | Orc:2    | Found a staircase to the Elven Halls.
 30087 | Orc:2    | Found a roughly hewn altar of Beogh.
 30129 | Orc:2    | Found a roughly hewn altar of Beogh.
 30388 | Orc:2    | Found Secyq's Antique Weapon Emporium.
 30391 | Orc:2    | Found Viehucw's Antique Armour Shoppe.
 30392 | Orc:2    | Found a roughly hewn altar of Beogh.
 30533 | Orc:2    | Found a roughly hewn altar of Beogh.
 30533 | Orc:2    | Found Erefuic's Antique Armour Shop.
 31022 | Orc:1    | Noticed Harold
 31045 | Orc:1    | Killed Harold
 31277 | Orc:2    | Bought the +2 cloak of Starlight {rElec rC+ EV+4 Stlth--} for 1287 gold pieces
 31447 | D:8      | Learned a level 6 spell: Deflect Missiles
 31558 | Swamp:1  | Entered Level 1 of the Swamp
 31575 | Swamp:1  | Reached skill level 10 in Dodging
 31677 | Swamp:1  | Reached skill level 1 in Spellcasting
 31687 | Swamp:1  | Reached skill level 1 in Charms
 31765 | Swamp:1  | Reached skill level 15 in Fighting
 32204 | Swamp:2  | Reached skill level 15 in Shields
 32290 | Swamp:2  | Reached XP level 17. HP: 113/113 MP: 18/18
 32421 | Swamp:2  | Noticed Aizul
 32438 | Swamp:2  | Killed Aizul
 32866 | Swamp:2  | Learned a level 2 spell: Song of Slaying
 32869 | Swamp:2  | Learned a level 2 spell: Shroud of Golubria
 32873 | Swamp:2  | Learned a level 3 spell: Regeneration
 32877 | Swamp:2  | Learned a level 3 spell: Spectral Weapon
 33649 | Swamp:3  | Reached skill level 15 in Armour
 34085 | Swamp:4  | Entered Level 4 of the Swamp
 35003 | Swamp:4  | Got a decaying rune of Zot
 36019 | Snake:1  | Entered Level 1 of the Snake Pit
 36086 | Snake:1  | Reached skill level 16 in Shields
 36179 | Snake:1  | Reached XP level 18. HP: 69/119 MP: 24/24
 37152 | Snake:2  | Reached skill level 5 in Spellcasting
 37754 | Snake:2  | Reached skill level 15 in Maces & Flails
 38164 | Snake:3  | Noticed Wiglaf
 38203 | Snake:3  | Killed Wiglaf
 38283 | Snake:3  | Reached skill level 5 in Charms
 38314 | Snake:3  | Got a dazzling plate armour
 38315 | Snake:3  | Identified the +2 plate armour of the Eight Boll Weevils {*Confuse rElec MP+9 Int+2} (You took it off a salamander on level 3 of the Snake Pit)
 38693 | Snake:4  | Entered Level 4 of the Snake Pit
 39224 | Snake:4  | Found Osith's Armour Boutique.
 39251 | Snake:4  | Reached XP level 19. HP: 115/125 MP: 20/27
 39402 | Snake:4  | Reached skill level 17 in Shields
 40890 | Snake:4  | Got a serpentine rune of Zot
 41404 | Elf:1    | Entered Level 1 of the Elven Halls
 41649 | Elf:1    | Found Hosourgh's Jewellery Emporium.
 42014 | Elf:1    | Noticed Donald
 42031 | Elf:1    | Killed Donald
 42380 | Elf:1    | Reached XP level 20. HP: 124/132 MP: 30/30
 42674 | Elf:2    | Reached skill level 18 in Shields
 43055 | Elf:2    | Noticed Nikola
 43085 | Elf:2    | Killed Nikola
 43089 | Elf:2    | Found a huge runed gate.
 43089 | Elf:2    | Found a huge runed gate.
 43089 | Elf:2    | Found a huge runed gate.
 43089 | Elf:2    | Found a huge runed gate.
 43089 | Elf:2    | Found a huge runed gate.
 43255 | Elf:2    | Found Dicemiro's Magic Scroll Emporium.
 43258 | Elf:2    | Bought a scroll of teleportation for 45 gold pieces
 43258 | Elf:2    | Bought a scroll of fear for 52 gold pieces
 43258 | Elf:2    | Bought a scroll of brand weapon for 300 gold pieces
 43258 | Elf:2    | Bought a scroll of identify for 30 gold pieces
 43387 | Elf:3    | Entered Level 3 of the Elven Halls
 44971 | Elf:3    | Noticed a Brimstone Fiend
 45091 | Elf:3    | Got a clouded turquoise ring
 45099 | Elf:3    | Identified the ring of Broken Luck {+Fly rN+ MP+9 Stlth+} (You took it off a deep elf elementalist on level 3 of the Elven Halls)
 45180 | Elf:3    | Learned a level 2 spell: Blink
 45185 | Elf:3    | Learned a level 4 spell: Passage of Golubria
 45228 | Elf:3    | Got a pair of distressingly furry gloves
 45231 | Elf:3    | Identified the +0 pair of gloves of Fabuythru {rC+ rCorr} (You found it on level 3 of the Elven Halls)
 45515 | Vaults:1 | Entered Level 1 of the Vaults
 45928 | Vaults:1 | Reached skill level 1 in Translocations
 45928 | Vaults:1 | Reached XP level 21. HP: 110/138 MP: 33/33
 46067 | Vaults:1 | Reached skill level 1 in Evocations
 47676 | Vaults:2 | Reached skill level 19 in Shields
 47950 | Vaults:2 | Found a portal to a secret trove of treasure.
 48508 | Vaults:2 | Found a staircase to the Crypt.
 49558 | Vaults:3 | Found a flickering gateway to a bazaar.
 49568 | Bazaar   | Entered a bazaar
 49570 | Bazaar   | Found Ficzih's Weapon Emporium.
 49578 | Bazaar   | Found Qamakk's Magic Scroll Shop.
 49627 | Bazaar   | Found Fiugoo's Book Shoppe.
 49635 | Bazaar   | Found Currok's Gadget Boutique.
 49648 | Bazaar   | Bought a phial of floods for 600 gold pieces
 49693 | Bazaar   | Bought a scroll of enchant armour for 67 gold pieces
 49693 | Bazaar   | Bought a scroll of magic mapping for 31 gold pieces
 49693 | Bazaar   | Bought a scroll of recharging for 85 gold pieces
 49693 | Bazaar   | Bought a scroll of teleportation for 27 gold pieces
 49693 | Bazaar   | Bought a scroll of identify for 18 gold pieces
 49693 | Bazaar   | Bought a scroll of identify for 18 gold pieces
 49895 | Vaults:3 | Reached XP level 22. HP: 145/145 MP: 35/35
 51063 | Vaults:4 | Slain by a vault warden

Skill      XL: |  1  2  3  4  5  6  7  8  9 10 11 12 13 14 15 16 17 18 19 20 21 22 |
---------------+-------------------------------------------------------------------+-----
Maces & Flails | 3 4 5 6 8 9 10 11 12 13 14 15 16 | 16.4
Fighting       | 4 5 6 8 9 10 11 12 13 14 15 16 17 | 17.5
Armour         | 4 5 6 7 9 10 11 12 13 14 15 16 17 | 17.3
Shields        | 4 5 6 7 8 10 11 12 13 14 15 16 17 18 19 | 19.6
Dodging        | 2 4 5 7 8 9 10 11 12 | 12.4
Spellcasting   | 1 4 5 7 8 9 |  9.3
Charms         | 1 3 5 6 7 8 |  8.7
Translocations | 1 3 4 |  4.5
Evocations     | 3 4 |  4.0

Action                   |  1- 3 |  4- 6 |  7- 9 | 10-12 | 13-15 | 16-18 | 19-21 | 22-24 || total
-------------------------+-------+-------+-------+-------+-------+-------+-------+-------++-------
Melee: Whip              |   130 |   295 |   329 |       |       |       |       |       ||   754
       Flail             |       |       |   324 |   507 |       |       |       |       ||   831
       Mace              |       |       |       |   403 |   994 |       |       |       ||  1397
       Eveningstar       |       |       |       |       |   602 |  1994 |  1840 |   250 ||  4686
 Cast: Regeneration      |       |       |       |       |       |       |    12 |     1 ||    13
 Abil: Evoke Berserk Rag |       |       |     1 |       |       |       |       |       ||     1
       Stop Flying       |       |       |       |       |     2 |     1 |       |       ||     3
       Fly               |       |       |       |       |     1 |     1 |       |       ||     2
Evoke: Wand              |       |       |       |     4 |     2 |     1 |     2 |       ||     9
       Deck              |       |       |       |       |    10 |       |       |       ||    10
       Sack of spiders   |       |       |       |       |       |     5 |       |       ||     5
       Lamp of fire      |       |       |       |       |       |       |       |     1 ||     1
  Use: Potion            |       |     1 |     3 |    12 |     1 |       |     1 |       ||    18
       Scroll            |       |       |    14 |     8 |    18 |    12 |    12 |       ||    64
 Stab: Distracted        |       |       |       |       |       |     1 |     1 |       ||     2
  Eat: Chunk             |       |     5 |    19 |    14 |    56 |     9 |     1 |       ||   104
       Fruit             |       |       |       |     2 |     6 |     5 |     6 |       ||    19
       Pizza             |       |       |       |     1 |       |     2 |     2 |       ||     5
       Beef jerky        |       |       |       |     3 |       |     8 |     3 |       ||    14
       Royal jelly       |       |       |       |     5 |     5 |     8 |     1 |       ||    19
       Meat ration       |       |       |       |       |       |       |     2 |       ||     2
       Bread ration      |       |       |       |       |       |       |     2 |       ||     2
Armor: Scale mail        |    79 |    66 |       |    90 |   543 |   592 |   480 |    66 ||  1916
       Chain mail        |       |    47 |   385 |       |       |       |       |       ||   432
       Leather armour    |       |       |    27 |   243 |       |       |       |       ||   270
       Skin              |       |       |       |    63 |       |       |       |       ||    63
Dodge: Dodged            |    40 |    67 |   139 |   333 |   683 |  1338 |   885 |    92 ||  3577
Block: Shield            |    60 |   106 |   383 |   775 |  1197 |  1589 |  1201 |   170 ||  5481
       Reflection        |       |       |       |    22 |    29 |       |       |       ||    51
